 Dungeon Crawl Stone Soup version 0.26.0-3-g156281e41b (webtiles) character file.

Game seed: 117680715327382382

51 trckry the Sneak (level 3, -2/16 HPs)
             Began as a Vine Stalker Enchanter on Jan 10, 2021.
             Killed from afar by Sigmund (8 damage)
             ... with a magic dart
             ... on level 2 of the Dungeon.
             The game lasted 00:05:09 (1870 turns).

trckry the Sneak (Vine Stalker Enchanter)           Turns: 1870, Time: 00:05:09

Health: -2/16      AC:  2    Str: 10    XL:     3   Next: 81%
Magic:  0/7        EV: 12    Int: 16    God:
Gold:   47         SH:  0    Dex: 14    Spells: 0/6 levels left

rFire    . . .     SeeInvis .   a - +1 dagger
rCold    . . .     Faith    .   (no shield)
rNeg     . . .     Spirit   +   b - +0 robe
rPois    .         Reflect  .   (no helmet)
rElec    .         Harm     .   (no cloak)
rCorr    .         Rampage  .   (no gloves)
Will     .....                  (no boots)
Stlth    +++.......             (no amulet)
HPRegen  0.05/turn              (no ring)
MPRegen  0.10/turn              (no ring)

@: no status effects
A: fangs 2, magic shield, antimagic bite, no potion heal 3
a: no special abilities


You were on level 2 of the Dungeon.
You visited 1 branch of the dungeon, and saw 2 of its levels.

You collected 47 gold pieces.

Inventory:

Hand Weapons
 a - a +1 dagger (weapon)
Armour
 b - a +0 robe (worn)
Jewellery
 f - an uncursed ring of ice {unknown}
Scrolls
 c - 4 scrolls of remove curse {unknown}
 d - 3 scrolls of amnesia {unknown}
 g - 4 scrolls of identify {unknown}
 i - a scroll of random uselessness {unknown}
 j - a scroll of teleportation {unknown}
 k - a scroll of fog {unknown}
Potions
 e - 2 potions of haste {unknown}
 h - 2 potions of mutation {unknown}


   Skills:
 + Level 1.4 Short Blades
 + Level 2.0 Dodging
 + Level 4.2 Stealth
 - Level 2.1 Spellcasting
 * Level 3.7 Hexes
 + Level 0.0 Ice Magic


You couldn't memorise any spells.
You knew the following spells:

 Your Spells              Type           Power        Failure   Level
a - Corona                Hex            14%          4%          1
b - Ensorcelled Hibernat  Hex/Ice        14%          14%         2
c - Confusing Touch       Hex            13%          13%         3

Your spell library contained the following spells:

 Spells                   Type           Power        Failure   Level
 Tukima's Dance           Hex            13%          13%         3
 Dazzling Flash           Conj/Hex       14%          28%         3


Dungeon Overview and Level Annotations

Branches:
Dungeon (2/15)

Altars:
Ashenzari
Elyvilon
Uskayaw
Xom

Annotations:
D:2 Sigmund


Innate Abilities, Weirdness & Mutations

You have extremely sharp teeth.
When hurt, damage is shared between your health and your magic reserves.
Your bite disrupts and absorbs the magic of your enemies.
Potions cannot restore your health.


Message History

Sigmund resists with some effort.
Sigmund closely misses you.
Casting: Ensorcelled Hibernation (safe; 14% risk of failure)
Confirm with . or Enter, or press ? or * to list all spells.
Aiming: Ensorcelled Hibernation (safe; 14% risk of failure)
Press: ? - help, Shift-Dir - straight line, f/p - Sigmund
Aim: Sigmund, wielding a +0 scythe and wearing a +0 robe (chance to affect: 48%) Sigmund resists with some effort.
Unknown command.
Casting: Ensorcelled Hibernation (safe; 14% risk of failure)
Confirm with . or Enter, or press ? or * to list all spells.
Aiming: Corona (safe; 4% risk of failure)
Press: ? - help, Shift-Dir - straight line, f/p - Sigmund
Aim: Sigmund, wielding a +0 scythe and wearing a +0 robe (chance to affect: 58%) Sigmund is outlined in light.
Sigmund hits you from afar with a +0 scythe!
Ouch! That really hurt!
Sigmund casts a spell at you. The magic dart hits you!
Ouch! That really hurt!
You die...

##### ######### ##.###.
#...# ##.......## ##...#
#.#.#######.....###.##
##.## #.#..w.........##
##.# ##.##
....######w._..# #.# #...#
......# #._8_.## ##.#
#...#
≈..w#.####.._...###.##
#.... ≈...#
##.............# #####...#
≈...#
#.....##.@.##.####........
.....
#.....@..)..............(.
......
#.....##...<#.####........
#.....##)...#.# #####...#
########......# #....
###..#### ##(..# ......#
#..... ....##.# #.#.## .
#.(..##.######)#..#


You could see Sigmund and a worm.

Vanquished Creatures
  An adder (D:2)
  A worm (D:2)
  A dart slug (D:1)
  3 goblins (D:1)
  3 hobgoblins
  4 jackals (D:2)
  2 quokkas (D:2)
  4 ball pythons
  5 bats
  2 frilled lizards (D:2)
  6 kobolds
  5 rats (D:1)
37 creatures vanquished.

Notes
Turn   | Place    | Note
-------+----------+-------------------------------------------
     0 | D:1      | trckry the Vine Stalker Enchanter began the quest for the
                  | Orb.
     0 | D:1      | Reached XP level 1. HP: 9/9 MP: 4/4
    51 | D:1      | Reached skill level 1 in Short Blades
   274 | D:1      | Reached XP level 2. HP: 6/13 MP: 4/6
  1019 | D:2      | Reached skill level 4 in Stealth
  1019 | D:2      | Reached XP level 3. HP: 14/16 MP: 4/7
  1735 | D:1      | Learned a level 2 spell: Ensorcelled Hibernation
  1739 | D:1      | Learned a level 3 spell: Confusing Touch
  1740 | D:2      | Found a broken altar of Ashenzari.
  1740 | D:2      | Found a white marble altar of Elyvilon.
  1740 | D:2      | Found a hide-covered altar of Uskayaw.
  1740 | D:2      | Found a shimmering altar of Xom.
  1831 | D:2      | Noticed Sigmund
  1870 | D:2      | Killed from afar by Sigmund

Illustrated notes

Levels and vault maps discovered:
D:1:      minmay_arrival_wavy_path, layout_rooms
D:2:      layout_loops_cross, grunt_temple_overflow_cloverleaf, fedhas_altar_4,
          chequers_temple_overflow_statue_of_worship,
          corexii_item_surrounded_by_moat, chequers_serial_rivers_marsh,
          uniq_sigmund

Skill      XL: |  1  2  3 |
---------------+----------+-----
Short Blades   | 1 |  1.4
Stealth        | 4 |  4.2
Dodging        | 2 |  2.0
Spellcasting   | |  2.1
Hexes          | |  3.7

Action                   || total
-------------------------++-------
Melee: Dagger            ||   107
       Bite              ||    18
 Cast: Ensorcelled Hiber ||     6
       Corona            ||     1
 Stab: Sleeping          ||     8
Armor: Robe              ||    33
Dodge: Dodged            ||   124
